 Dungeon Crawl Stone Soup version 0.28-a0-821-g923ab73998 (webtiles) character file.

Game seed: 16074403030132537614

245 AarnesTheHuman the Poker (level 6, -1/48 HPs)
             Began as a Merfolk Gladiator on Nov 8, 2021.
             Was an Initiate of Ru.
             Slain by a water moccasin (4 damage)
             ... on level 4 of the Dungeon on Nov 9, 2021.
             The game lasted 00:07:15 (3510 turns).

AarnesTheHuman the Poker (Merfolk Gladiator)        Turns: 3510, Time: 00:07:16

Health: -1/48      AC:  6    Str: 17    XL:     6   Next: 10%
Magic:  6/6        EV: 18    Int:  7    God:    Ru [......]
Gold:   97         SH:  0    Dex: 15    Spells: 5/5 levels left

rFire   . . .      SeeInvis .   a - +1 trident
rCold   . . .      Faith    .   (no shield)
rNeg    . . .      Spirit   .   b - +0 leather armour
rPois   .          Reflect  .   e - +1 helmet of the Shrike {Will++}
rElec   .          Harm     .   (no cloak)
rCorr   .          Rampage  .   i - +0 pair of gloves
Will    ++...                   (no boots)
Stlth   +.........              (no amulet)
HPRegen 0.16/turn               m - +4 ring of evasion
MPRegen 0.10/turn               (no ring)

@: no status effects
A: (nimble swimmer 2), mertail
a: Renounce Religion


You were on level 4 of the Dungeon.
You worshipped Ru.
Ru was noncommittal.
You visited 1 branch of the dungeon, and saw 4 of its levels.

You collected 97 gold pieces.

Inventory:

Hand Weapons
 a - a +1 trident (weapon)
 c - a +0 dagger of flaming
Missiles
 d - 4 throwing nets
 p - 16 poisoned darts (quivered)
Armour
 b - a +0 leather armour (worn)
 e - the +1 helmet of the Shrike (worn) {Will++}
   (You acquired it on level 4 of the Dungeon)

   Will:      It greatly increases your willpower.
 i - a +0 pair of gloves (worn)
Jewellery
 m - a +4 ring of evasion (left hand)
Wands
 f - a wand of flame (12)
Scrolls
 l - a scroll of amnesia
Potions
 j - a potion of brilliance {unknown}
 k - 2 potions of magic {unknown}
 o - a potion of lignification {unknown}


   Skills:
 + Level 3.8 Fighting
 + Level 6.1 Polearms
 + Level 3.5 Throwing
 + Level 5.5 Dodging


You had 5 spell levels left.
You didn't know any spells.
Your spell library was empty.

Dungeon Overview and Level Annotations

Branches:
Dungeon (4/15)
 Temple: D:4-7

Altars:
Okawaru
Ru


Innate Abilities, Weirdness & Mutations

((You are quick and stealthy near water. (Stealth+, EV+, Speed+++)))
Your lower body shifts to a powerful aquatic tail in water.


Message History

The water moccasin completely misses you.
You hit the water moccasin.
The water moccasin is moderately wounded.
The water moccasin barely misses you.
You hit the water moccasin.
The water moccasin is heavily wounded.
The water moccasin barely misses you.
You closely miss the water moccasin.
The water moccasin is heavily wounded.
The water moccasin bites you.
* * * LOW HITPOINT WARNING * * *
The water moccasin barely misses you.
You closely miss the water moccasin.
The water moccasin is heavily wounded.
The water moccasin barely misses you.
You hit the water moccasin.
The water moccasin is heavily wounded.
The water moccasin bites you.
* * * LOW HITPOINT WARNING * * *
You hit the water moccasin.
The water moccasin is severely wounded.
The water moccasin barely misses you. The water moccasin misses you.
You barely miss the water moccasin.
The water moccasin is severely wounded.
The water moccasin barely misses you.
You puncture the water moccasin!
The water moccasin is almost dead.
The water moccasin barely misses you. The water moccasin misses you.
You closely miss the water moccasin.
The water moccasin is almost dead.
The water moccasin bites you.
* * * LOW HITPOINT WARNING * * *
You miss the water moccasin.
The water moccasin is almost dead.
The water moccasin bites you.
* * * LOW HITPOINT WARNING * * *
You barely miss the water moccasin.
The water moccasin is almost dead.
The water moccasin misses you. The water moccasin bites you.
You die...

#...#....###....##...#
#.#.####.###.#####.#.#
#.#..<...<...# #...#.#
#.#....#.##### #.###.# .#
#.#.(..#.....# #.# #.####
##.. #.##########.# #.#
#....##...
#..........#.###.######.#...
#####..###.#.#........#.#..##
#..#...#.@S....#....#...#
#..#.#####.##..#....#...#
#...........#...........#
#.##.#####..##....#...###
#.....#.....#.............
####....###.#........#####
#......#.....#.####.......
.....####.#####.# #.....#
..... #.# #.# #^....#


You could see a water moccasin.

Vanquished Creatures
  Duvessa (D:3)
  Dowan (D:3)
  3 gnolls
  2 dart slugs (D:2)
  4 orcs
  4 ball pythons
  An endoplasm (D:3)
  4 giant cockroaches
  5 hobgoblins
  7 jackals (D:2)
  A quokka (D:1)
  2 bats (D:1)
  3 frilled lizards
  4 goblins
  4 kobolds
  5 rats
51 creatures vanquished.

Notes
Turn   | Place    | Note
-------+----------+-------------------------------------------
     0 | D:1      | AarnesTheHuman the Merfolk Gladiator began the quest for
                  | the Orb.
     0 | D:1      | Reached XP level 1. HP: 16/16 MP: 1/1
   565 | D:1      | Reached XP level 2. HP: 23/23 MP: 2/2
   892 | D:2      | Found a faded altar of an unknown god.
   938 | D:2      | Reached XP level 3. HP: 21/28 MP: 3/3
  1506 | D:3      | Reached skill level 5 in Polearms
  1591 | D:3      | Found a sacrificial altar of Ru.
  1884 | D:3      | Found an iron altar of Okawaru.
  1953 | D:3      | Reached XP level 4. HP: 34/34 MP: 4/4
  2153 | D:4      | Upgraded the game from 0.28-a0-811-g00180f5fcc to
                  | 0.28-a0-821-g923ab73998
  2165 | D:4      | Identified a scroll of acquirement
  2165 | D:4      | Acquired the +1 helmet of the Shrike {Will++}
  2212 | D:4      | Noticed Duvessa
  2217 | D:4      | Noticed a water moccasin
  2253 | D:4      | Noticed Dowan
  2638 | D:3      | Killed Duvessa
  2639 | D:3      | Reached skill level 5 in Dodging
  2639 | D:3      | Reached XP level 5. HP: 16/41 MP: 5/5
  2645 | D:3      | Killed Dowan
  2646 | D:3      | Reached skill level 6 in Polearms
  2646 | D:3      | Reached XP level 6. HP: 16/48 MP: 6/6
  3141 | D:3      | Found an iron altar of Okawaru.
  3262 | D:3      | Found a sacrificial altar of Ru.
  3439 | D:3      | Became a worshipper of Ru the Awakened
  3510 | D:4      | Slain by a water moccasin

Illustrated notes

Levels and vault maps discovered:
D:1:      nicolae_arrival_washed_ashore, layout_basic
D:2:      layout_basic, basic_ecumenical_altar
D:3:      layout_rooms, okawaru_ov_weapons_minmay,
          nicolae_ru_the_path_less_chosen
D:4:      layout_basic, minmay_temple_entry_overgrown, uniq_eustachio,
          uniq_duvessa

Skill      XL: |  1  2  3  4  5 |
---------------+----------------+-----
Polearms       | 5 6 |  6.1
Fighting       | 3 |  3.8
Throwing       | 3 |  3.5
Dodging        | 5 |  5.5

Action                   |  1- 3 |  4- 6 || total
-------------------------+-------+-------++-------
Melee: Trident           |   105 |    76 ||   181
Throw: Dart              |       |     5 ||     5
  Use: Scroll            |       |     5 ||     5
       Potion            |       |     2 ||     2
 Stab: Sleeping          |     5 |       ||     5
Armor: Leather armour    |    22 |    13 ||    35
Dodge: Dodged            |    72 |    69 ||   141

Table legend: (Time is in decaauts)
 A = Elapsed time spent in this place.
 B = Non-inter-level travel time spent in this place.
 C = Inter-level travel time spent in this place.
 D = Time resting spent in this place.
 E = Time spent auto-exploring this place.
 F = Levels seen in this place.
 G = Mean time per level.
                   A        B        C        D        E       F      G
               +--------+--------+--------+--------+--------+-----+--------+
         Total |   3500 |   3208 |    292 |    579 |   2094 |   4 |  875.0 |
       Dungeon |   3500 |   3208 |    292 |    579 |   2094 |   4 |  875.0 |
               +--------+--------+--------+--------+--------+-----+--------+

Top non-repeatable levels by time:
     D:3: 1379 daAuts
     D:2: 978 daAuts
     D:1: 857 daAuts
     D:4: 285 daAuts
